 Dungeon Crawl Stone Soup version 0.26-a0-663-g36e8fdb655 (webtiles) character file.

Game seed: 5541841355770706778

40 jiml777 the Grasshopper (level 3, -5/31 HPs)
             Began as a Gnoll Warper on Oct 10, 2020.
             Slain by a howler monkey (7 damage)
             ... on level 2 of the Dungeon.
             The game lasted 00:03:13 (953 turns).

jiml777 the Grasshopper (Gnoll Warper)               Turns: 953, Time: 00:03:13

Health: -5/31      AC:  5    Str: 13    XL:     3   Next: 50%
Magic:  9/9        EV: 12    Int: 16    God:
Gold:   25         SH:  0    Dex: 14    Spells: 10/12 levels left

rFire    . . .     SeeInvis .   a - +0 spear
rCold    . . .     Faith    .   (no shield)
rNeg     . . .     Spirit   .   l - +0 ring mail
rPois    .         Reflect  .   (no helmet)
rElec    .         Harm     .   (no cloak)
rCorr    .         Rampage  .   (no gloves)
MR       .....                  (no boots)
Stlth    +.........             (no amulet)
HPRegen  0.10/turn              (no ring)
MPRegen  0.11/turn              (no ring)

@: slowed, very slow
A: distributed training, fangs 1, strong nose
a: no special abilities


You were on level 2 of the Dungeon.
You visited 1 branch of the dungeon, and saw 2 of its levels.

You collected 25 gold pieces.

Inventory:

Hand Weapons
 a - a +0 spear (weapon)
Missiles
 c - 11 poisoned darts (quivered)
 e - 5 boomerangs of dispersal
 h - 16 arrows
 k - 8 boomerangs
 p - 17 bolts
Armour
 b - a +0 leather armour
 l - a +0 ring mail (worn)
Scrolls
 d - a scroll of blinking
 f - 3 scrolls of identify
 g - 3 scrolls of amnesia {unknown}
 i - a scroll of remove curse {unknown}
 j - a scroll of noise {unknown}
 m - a scroll of fog {unknown}
 n - a scroll of enchant armour {unknown}
Potions
 o - 2 potions of flight


   Skills:
 + Level 4.5 Fighting
 + Level 0.8 Short Blades
 + Level 0.8 Long Blades
 + Level 0.8 Axes
 + Level 0.8 Maces & Flails
 + Level 4.5 Polearms
 + Level 0.8 Staves
 + Level 0.8 Slings
 + Level 0.8 Bows
 + Level 0.8 Crossbows
 + Level 2.6 Throwing
 + Level 2.6 Armour
 + Level 4.5 Dodging
 + Level 0.8 Stealth
 + Level 0.8 Shields
 + Level 0.8 Unarmed Combat
 + Level 5.0 Spellcasting
 + Level 0.5 Conjurations
 + Level 0.5 Hexes
 + Level 0.5 Summonings
 + Level 0.5 Necromancy
 + Level 5.4 Translocations
 + Level 0.5 Transmutations
 + Level 0.5 Fire Magic
 + Level 0.5 Ice Magic
 + Level 0.5 Air Magic
 + Level 0.5 Earth Magic
 + Level 0.5 Poison Magic
 + Level 1.0 Invocations
 + Level 0.8 Evocations


You had 10 spell levels left.
You knew the following spells:

 Your Spells              Type           Power        Failure   Level
a - Blink                 Tloc           N/A          4%          2

Your spell library contained the following spells:

 Spells                   Type           Power        Failure   Level
 Gell's Gravitas          Tloc           ###.......   10%         3
 Lesser Beckoning         Tloc           ###.......   10%         3
 Teleport Other           Tloc           ###.....     10%         3
 Passage of Golubria      Tloc           N/A          32%         4


Dungeon Overview and Level Annotations

Branches:
Dungeon (2/15)

Altars:

Annotations:
D:2 Natasha


Innate Abilities, Weirdness & Mutations

Your experience applies equally to all skills.
You have very sharp teeth.
Your uncanny sense of smell can sniff out nearby items.


Message History

You barely miss the howler monkey. Natasha barely misses you.
The howler monkey hits you but does no damage.
You hit the howler monkey.
The howler monkey is moderately wounded.
The howler monkey barely misses you. Natasha claws you.
* * * LOW HITPOINT WARNING * * *
A goblin comes into view.
The howler monkey barely misses you. Natasha casts a spell at you.
You feel as though you will be slow longer.
You hit the howler monkey.
You bite the howler monkey, but do no damage.
The howler monkey is heavily wounded.
The giant cockroach barely misses you.
The howler monkey hoots and howls with incredible vigour!
Natasha stares at you and mumbles some strange words.
You feel as though you will be slow longer.
The giant cockroach misses you. The howler monkey hits you!
You die...

#.###############
#...............#
#.#############.#
##.# #.# ...# #.#
#### #†# ####
#######.##########
.....
..................
##.##
.....#.@.......$..
.... #Bhh.........
... #.5..........
.. #.(.......... .
#............
#.(..........
#.g..).......
#............
#............##+


You could see a howler monkey (catching breath), Natasha, a shadow imp
(summoned), a giant cockroach and a goblin.

Vanquished Creatures
  An adder (D:2)
  A leopard gecko (D:1)
  3 bats (D:1)
  3 giant cockroaches
  A goblin (D:1)
  4 hobgoblins
  4 jackals (D:2)
  3 frilled lizards (D:1)
  6 kobolds
  A rat (D:2)
27 creatures vanquished.

Notes
Turn   | Place    | Note
-------+----------+-------------------------------------------
     0 | D:1      | jiml777 the Gnoll Warper began the quest for the Orb.
     0 | D:1      | Reached XP level 1. HP: 20/20 MP: 6/6
   119 | D:1      | Reached XP level 2. HP: 26/26 MP: 7/7
   877 | D:2      | Reached skill level 5 in Spellcasting
   877 | D:2      | Reached XP level 3. HP: 31/31 MP: 7/9
   881 | D:2      | Learned a level 2 spell: Blink
   925 | D:2      | Reached skill level 1 in Invocations
   937 | D:2      | Noticed Natasha
   953 | D:2      | Slain by a howler monkey

Illustrated notes

Levels and vault maps discovered:
D:1:      wander_arrival_lonely_grave, layout_loops_ring
D:2:      layout_basic, nicolae_ashenzari_panopticon, uniq_jessica, uniq_natasha

Skill      XL: |  1  2  3 |
---------------+----------+-----
Spellcasting   | 5 |  5.0
Invocations    | 1 |  1.0
Fighting       | |  4.5
Short Blades   | |  0.8
Long Blades    | |  0.8
Axes           | |  0.8
Maces & Flails | |  0.8
Polearms       | |  4.5
Staves         | |  0.8
Slings         | |  0.8
Bows           | |  0.8
Crossbows      | |  0.8
Throwing       | |  2.6
Armour         | |  2.6
Dodging        | |  4.5
Stealth        | |  0.8
Shields        | |  0.8
Unarmed Combat | |  0.8
Conjurations   | |  0.5
Hexes          | |  0.5
Summonings     | |  0.5
Necromancy     | |  0.5
Translocations | |  5.4
Transmutations | |  0.5
Fire Magic     | |  0.5
Ice Magic      | |  0.5
Air Magic      | |  0.5
Earth Magic    | |  0.5
Poison Magic   | |  0.5
Evocations     | |  0.8

Action                   || total
-------------------------++-------
Melee: Spear             ||   113
       Bite              ||    11
       Punch             ||     1
  Use: Scroll            ||     1
 Stab: Sleeping          ||     1
Armor: Leather armour    ||    20
       Ring mail         ||    21
Dodge: Dodged            ||    66

Table legend: (Time is in decaauts)
 A = Elapsed time spent in this place.
 B = Non-inter-level travel time spent in this place.
 C = Inter-level travel time spent in this place.
 D = Time resting spent in this place.
 E = Time spent auto-exploring this place.
 F = Levels seen in this place.
 G = Mean time per level.
                   A        B        C        D        E       F      G
               +--------+--------+--------+--------+--------+-----+--------+
         Total |    943 |    926 |     17 |    244 |    373 |   2 |  471.5 |
       Dungeon |    943 |    926 |     17 |    244 |    373 |   2 |  471.5 |
               +--------+--------+--------+--------+--------+-----+--------+

Top non-repeatable levels by time:
     D:1: 794 daAuts
     D:2: 148 daAuts
